[Event "Your Next Move GCT 2017-Blitz"]
[Site "Leuven"]
[Date "2017.07.02"]
[Round "12"]
[White "Giri, Anish"]
[Black "Ivanchuk, Vassily"]
[Result "1/2-1/2"]
[ECO "A04"]
[WhiteElo "2771"]
[BlackElo "2738"]
[Annotator ""]
[PlyCount "60"]
[EventDate "2017.??.??"]
[EventType "blitz"]
[EventCountry "BEL"]
[SourceTitle "playchess.com"]
[Source "ChessBase"]
[SourceQuality "1"]
[TimeControl "300+3"]

1. Nf3 {(0)} c5 {(3)} 2. c4 {(3)} g6 {(
04)} 3. e4 {(3)} Bg7 {(3)} 4. d4 {(3)} Qb6
{(3)} 5. dxc5 {(19)} Qxc5 {(3)} 6. Be2 {
(11)} d6 {(3)} 7. O-O {(3)} Nc6 {(3]
} 8. h3 {(6)} Qb6 {(10)} 9. Qc2 {(17)} Nd4 {
(28)} 10. Nxd4 {(6)} Bxd4 {(3)} 11. Nd2 {
(30)} Bg7 {(9)} 12. Nb3 {(23)} Nf6 {(
03)} 13. Be3 {(3)} Qc7 {(3)} 14. Rac1 {(11)}
O-O {(4)} 15. c5 {(22)} dxc5 {(3)} 16. Bxc5 {
(30)} b6 {(6)} 17. Bd4 {(24)} Qxc2 {(
05)} 18. Rxc2 {(3)} Bb7 {(40)} 19. f3 {(4)}
Rfc8 {(5)} 20. Rfc1 {(3)} Ne8 {(29)} 21. Kf2 {
(11)} Kf8 {(22)} 22. Bxg7+ {(9)} Kxg7 {(
03)} 23. Nd4 {(3)} Kf8 {(34)} 24. b4 {(11)}
Rxc2 {(23)} 25. Rxc2 {(3)} e5 {(3)} 26. Nb3 {
(9)} Rc8 {(9)} 27. Rxc8 {(16)} Bxc8 {(
03)} 28. Nd2 {(3)} Ke7 {(3)} 29. Ke3 {(3)}
f6 {(3)} 30. a3 Nd6 {(3)} 1/2-1/2

[Event "Your Next Move GCT 2017-Blitz"]
[Site "Leuven"]
[Date "2017.07.02"]
[Round "12"]
[White "Jobava, Baadur"]
[Black "Anand, Viswanathan"]
[Result "1/2-1/2"]
[ECO "C54"]
[WhiteElo "2707"]
[BlackElo "2786"]
[Annotator ""]
[PlyCount "60"]
[EventDate "2017.??.??"]
[EventType "blitz"]
[EventCountry "BEL"]
[SourceTitle "playchess.com"]
[Source "ChessBase"]
[SourceQuality "1"]
[TimeControl "300+3"]

1. e4 {(0)} e5 {(3)} 2. Nf3 Nc6 3. Bc4 {(7)}
Bc5 {(6)} 4. c3 {(4)} Nf6 {(3)} 5. d4 {
(3)} exd4 {(3)} 6. e5 {(3)} d5 {(3]
} 7. Bb5 {(3)} Ne4 {(3)} 8. cxd4 {(4)} Bb6 {
(3)} 9. h3 {(4)} O-O {(7)} 10. O-O {(
03)} f6 {(8)} 11. Bxc6 {(3)} bxc6 {(3)} 12.
Be3 {(3)} fxe5 {(29)} 13. Nxe5 {(4)} Qd6 {
(3)} 14. Nd2 {(11)} Nxd2 {(26)} 15. Qxd2 {
(3)} c5 {(3)} 16. dxc5 {(1:13)} Qxe5 {(
03)} 17. cxb6 {(3)} axb6 {(3)} 18. Rfe1 {(3)}
Qf5 {(20)} 19. b4 {(15)} Ra3 {(29)} 20. Rad1 {
(48)} Ba6 {(38)} 21. Qc1 {(37)} Rd3 {(
33)} 22. Qxc7 {(1:10)} d4 {(9)} 23. Rxd3 {(5)}
Qxd3 {(3)} 24. Bf4 {(5)} Qc3 {(3)} 25. Re7 {
(35)} Qxc7 {(3)} 26. Bxc7 {(3)} d3 {(
05)} 27. Bxb6 {(7)} Rb8 {(16)} 28. Ba5 {(16)}
Bb5 {(3)} 29. Re5 {(8)} Bc4 {(5)} 30. Re4 {
(3)} Bxa2 {(3)} 1/2-1/2

[Event "Your Next Move GCT 2017-Blitz"]
[Site "Leuven"]
[Date "2017.07.02"]
[Round "12"]
[White "So, Wesley"]
[Black "Kramnik, Vladimir"]
[Result "1/2-1/2"]
[ECO "D56"]
[WhiteElo "2812"]
[BlackElo "2808"]
[Annotator ""]
[PlyCount "83"]
[EventDate "2017.??.??"]
[EventType "blitz"]
[EventCountry "BEL"]
[SourceTitle "playchess.com"]
[Source "ChessBase"]
[SourceQuality "1"]
[TimeControl "300+3"]

1. c4 {(0)} e6 {(3)} 2. Nc3 {(3)} d5 {(
03)} 3. d4 {(3)} Nf6 {(3)} 4. Bg5 {(4)} Be7
{(3)} 5. e3 {(3)} h6 {(3)} 6. Bh4 {(
03)} O-O {(3)} 7. Nf3 {(3)} Nbd7 {(3)} 8. Rc1
{(3)} c5 {(3)} 9. dxc5 {(3)} Nxc5 {(
04)} 10. cxd5 {(3)} g5 {(4)} 11. Bg3 {(3)}
Nxd5 {(3)} 12. Nxd5 {(3)} Qxd5 {(3)} 13. Qxd5
{(4)} exd5 {(3)} 14. Be5 {(23)} Bf5 {(
08)} 15. Be2 {(13)} Rac8 {(6)} 16. O-O {(14)}
Bd3 {(6)} 17. Bxd3 {(36)} Nxd3 {(3)} 18. Rcd1 {
(34)} Nxe5 {(5)} 19. Nxe5 {(3)} Rc2 {(
33)} 20. Rxd5 {(3)} Rxb2 {(3)} 21. Rd7 {(3]
} Bf6 {(10)} 22. Nc4 {(21)} Rxa2 {(19)} 23. Rxb7
{(3)} Rd8 {(18)} 24. h3 {(17)} a5 {(
21)} 25. Ra7 {(3)} a4 {(7)} 26. Rb1 {(10)} Bg7
{(51)} 27. g4 {(12)} Bf8 {(1:40)} 28. Kg2 {(
03)} a3 {(7)} 29. Rb3 {(13)} Rc2 {(5)} 30.
Nxa3 {(31)} Bxa3 {(3)} 31. Raxa3 {(13)} Rdd2 {
(3)} 32. Rb6 {(14)} Rxf2+ {(3)} 33. Kg3 {
(3)} Kg7 {(11)} 34. Raa6 {(3)} Rg2+ {(
11)} 35. Kf3 {(3)} Rcf2+ {(3)} 36. Ke4 {(3]
} Rg3 {(3)} 37. Rxh6 {(14)} Rff3 {(7)} 38. Rh5
{(7)} Rxe3+ {(6)} 39. Kd4 {(3)} Rd3+ {(
03)} 40. Kc4 {(3)} Rc3+ {(8)} 41. Kd4 {(5)}
Rcd3+ {(10)} 42. Kc4 {(3)} 1/2-1/2

[Event "Your Next Move GCT 2017-Blitz"]
[Site "Leuven"]
[Date "2017.07.02"]
[Round "13"]
[White "Aronian, Levon"]
[Black "Jobava, Baadur"]
[Result "1-0"]
[ECO "E91"]
[WhiteElo "2793"]
[BlackElo "2707"]
[Annotator ""]
[PlyCount "89"]
[EventDate "2017.??.??"]
[EventType "blitz"]
[EventCountry "BEL"]
[SourceTitle "playchess.com"]
[Source "ChessBase"]
[SourceQuality "1"]
[TimeControl "300+3"]

1. c4 {(0)} Nf6 {(3)} 2. Nc3 {(3)} g6 {
(3)} 3. e4 {(3)} d6 {(3)} 4. d4 {(
03)} Bg7 {(3)} 5. Nf3 {(3)} O-O {(3)} 6. Be2 {
(3)} Na6 {(3)} 7. O-O {(6)} e5 {(3]
} 8. Re1 {(3)} c6 {(8)} 9. d5 {(18)} Nc5 {
(22)} 10. Nd2 {(28)} a5 {(6)} 11. b3 {(
08)} Bh6 {(4)} 12. Qc2 {(51)} Ng4 {(8)} 13.
Nf1 {(15)} Bxc1 {(3)} 14. Raxc1 {(3)} Nh6 {
(6)} 15. Qd2 {(44)} Kg7 {(3)} 16. dxc6 {
(6)} bxc6 {(3)} 17. Red1 {(15)} Ne6 {(
37)} 18. Qxd6 {(18)} Qxd6 {(3)} 19. Rxd6 {(
03)} Nd4 {(3)} 20. c5 {(33)} Be6 {(20)} 21. Nd2
{(19)} a4 {(34)} 22. bxa4 {(19)} Rxa4 {(
03)} 23. Nf3 {(23)} Nxe2+ {(28)} 24. Nxe2 {(
03)} Rxe4 {(3)} 25. Ng3 {(8)} Ra4 {(12)} 26.
Nxe5 {(3)} Rxa2 {(7)} 27. Nxc6 {(4)} Ng4 {
(4)} 28. h3 {(8)} Nxf2 {(24)} 29. Rf1 {(
03)} Nd3 {(3)} 30. Rxd3 {(4)} Bc4 {(3)} 31.
Rc3 {(11)} Bxf1 {(3)} 32. Nxf1 {(4)} Rc8 {
(14)} 33. Nb4 {(3)} Ra4 {(27)} 34. Nd3 {(
03)} Rc6 {(16)} 35. Nd2 {(4)} f6 {(12)} 36.
Nc4 {(4)} h5 {(4)} 37. Nd6 {(4)} Rd4 {(
10)} 38. Rb3 {(4)} Kh6 {(5)} 39. Kf2 {(3)}
Ra4 {(18)} 40. Ke3 {(3)} Kg5 {(3)} 41. Rb6 {
(5)} Rc7 {(5)} 42. Ne4+ {(3)} Kh4 {(
03)} 43. Nf4 {(4)} Ra3+ {(3)} 44. Kf2 {(4)}
Ra2+ {(24)} 45. Kg1 {(3)} 1-0

[Event "Your Next Move GCT 2017-Blitz"]
[Site "Leuven"]
[Date "2017.07.02"]
[Round "13"]
[White "Ivanchuk, Vassily"]
[Black "Carlsen, Magnus"]
[Result "0-1"]
[ECO "C20"]
[WhiteElo "2738"]
[BlackElo "2832"]
[Annotator ""]
[PlyCount "78"]
[EventDate "2017.??.??"]
[EventType "blitz"]
[EventCountry "BEL"]
[SourceTitle "playchess.com"]
[Source "ChessBase"]
[SourceQuality "1"]
[TimeControl "300+3"]

1. e4 {(0)} e5 {(3)} 2. Ne2 {(3)} d5 {(
21)} 3. exd5 {(3)} Nf6 {(3)} 4. d4 {(7)}
exd4 {(9)} 5. Qxd4 {(3)} Qxd5 {(27)} 6. Nbc3 {
(3)} Qxd4 {(6)} 7. Nxd4 {(3)} Bc5 {(
03)} 8. Ndb5 {(48)} Na6 {(3)} 9. Bf4 {(3)} O-O
{(3)} 10. f3 {(4)} Re8+ {(21)} 11. Be2 {
(3)} Be6 {(36)} 12. O-O-O {(9)} Bxa2 {(
04)} 13. Rhe1 {(1:03)} Nh5 {(21)} 14. Bd2 {(11)}
Be6 {(3)} 15. Ne4 {(3)} Be7 {(5)} 16. Nd4 {
(5)} Bd7 {(9)} 17. Bxa6 {(23)} bxa6 {(
03)} 18. Bg5 {(3)} Bxg5+ {(1:04)} 19. Nxg5 {(
03)} Nf6 {(3)} 20. Nb3 {(3)} h6 {(1:05)} 21. Ne4
{(5)} Nxe4 {(3)} 22. Rxd7 {(3)} Nf6 {(
03)} 23. Rdd1 {(31)} Kf8 {(5)} 24. Nc5 {(11)}
Rxe1 {(3)} 25. Rxe1 {(3)} Re8 {(3)} 26. Rxe8+
{(10)} Kxe8 {(3)} 27. Nxa6 {(3)} Kd7 {(
03)} 28. Nc5+ {(5)} Kd6 {(3)} 29. Nd3 {(3)}
c5 {(10)} 30. Kd2 {(9)} c4 {(9)} 31. Nf4 {
(3)} Kc5 {(3)} 32. h4 {(15)} a5 {(6]
} 33. g4 {(6)} Nd5 {(3)} 34. Ne2 {(20)} g6 {
(5)} 35. c3 {(11)} Kd6 {(3)} 36. f4 {(
12)} h5 {(3)} 37. g5 {(9)} a4 {(4)} 38. Ke1
{(19)} Ne3 {(3)} 39. Ng3 {(3)} Ng2+ {(
03)} 0-1

[Event "Your Next Move GCT 2017-Blitz"]
[Site "Leuven"]
[Date "2017.07.02"]
[Round "13"]
[White "Kramnik, Vladimir"]
[Black "Anand, Viswanathan"]
[Result "1/2-1/2"]
[ECO "B10"]
[WhiteElo "2808"]
[BlackElo "2786"]
[Annotator ""]
[PlyCount "61"]
[EventDate "2017.??.??"]
[EventType "blitz"]
[EventCountry "BEL"]
[SourceTitle "playchess.com"]
[Source "ChessBase"]
[SourceQuality "1"]
[TimeControl "300+3"]

1. e4 {(0)} c6 {(3)} 2. Nf3 {(3)} d5 {(
03)} 3. exd5 {(3)} cxd5 {(3)} 4. d4 {(3)}
Bg4 {(3)} 5. h3 {(5)} Bxf3 {(3)} 6. Qxf3 {
(3)} e6 {(3)} 7. Bd3 {(4)} Nf6 {(3]
} 8. O-O {(5)} Bd6 {(3)} 9. c3 {(7)} h6 {
(3)} 10. Nd2 {(9)} O-O {(3)} 11. Qe2 {(
12)} Qc7 {(22)} 12. g3 {(12)} Nc6 {(22)} 13.
f4 {(5)} a6 {(6)} 14. Nf3 {(4)} b5 {(
03)} 15. a3 {(9)} Na5 {(4)} 16. Ne5 {(12)}
Nc4 {(11)} 17. a4 {(1:04)} Rab8 {(14)} 18. axb5 {
(15)} axb5 {(3)} 19. g4 {(17)} Nd7 {(
13)} 20. Ra6 {(23)} Bxe5 {(19)} 21. fxe5 {(5)}
Ra8 {(5)} 22. Rxa8 {(7)} Rxa8 {(3)} 23. g5 {
(9)} hxg5 {(4)} 24. Bh7+ {(37)} Kxh7 {(
09)} 25. Qh5+ {(3)} Kg8 {(3)} 26. Qxf7+ {(
03)} Kh7 {(4)} 27. Qh5+ {(51)} Kg8 {(3)} 28.
Qf7+ {(16)} Kh7 {(3)} 29. Qh5+ {(20)} Kg8 {
(11)} 30. Qf7+ {(3)} Kh7 {(3)} 31. Qh5+ {
(3)} 1/2-1/2

[Event "Your Next Move GCT 2017-Blitz"]
[Site "Leuven"]
[Date "2017.07.02"]
[Round "13"]
[White "Nepomniachtchi, Ian"]
[Black "Giri, Anish"]
[Result "1-0"]
[ECO "C45"]
[WhiteElo "2732"]
[BlackElo "2771"]
[Annotator ""]
[PlyCount "133"]
[EventDate "2017.??.??"]
[EventType "blitz"]
[EventCountry "BEL"]
[SourceTitle "playchess.com"]
[Source "ChessBase"]
[SourceQuality "1"]
[TimeControl "300+3"]

1. e4 {(0)} e5 {(3)} 2. Nf3 {(3)} Nc6 {
(3)} 3. d4 {(3)} exd4 {(3)} 4. Nxd4 {(
03)} Nf6 {(3)} 5. Nxc6 {(3)} bxc6 {(3)} 6.
e5 {(3)} Qe7 {(3)} 7. Qe2 {(3)} Nd5 {(
03)} 8. h4 {(3)} a5 {(3)} 9. c4 {(3)} Ba6 {
(12)} 10. g3 {(3)} Nb6 {(5)} 11. Nd2 {(
05)} d5 {(40)} 12. exd6 {(9)} Qxe2+ {(3)}
13. Bxe2 {(4)} cxd6 {(8)} 14. b3 {(3)} Be7 {
(3)} 15. Bb2 {(3)} O-O {(3)} 16. O-O {(
30)} d5 {(9)} 17. Rac1 {(7)} Rfe8 {(6)} 18.
Bf3 {(18)} a4 {(10)} 19. Rfd1 {(5)} axb3 {
(11)} 20. axb3 {(3)} Bb4 {(45)} 21. cxd5 {
(5)} cxd5 {(3)} 22. Bd4 {(3)} Rab8 {(
17)} 23. Rc6 {(3)} Re6 {(3)} 24. Rxb6 {(19)}
Rexb6 {(3)} 25. Bxb6 {(3)} Rxb6 {(3)} 26. Bxd5
{(3)} Kf8 {(9)} 27. Nc4 {(5)} Bxc4 {(
28)} 28. bxc4 {(4)} Bc5 {(3)} 29. Rd2 {(3)}
Ra6 {(4)} 30. Kg2 {(3)} h5 {(3)} 31. Rb2 {
(3)} Rb6 {(12)} 32. Ra2 {(3)} Rb8 {(
10)} 33. Ra5 {(7)} Rc8 {(3)} 34. Rb5 {(9)} Rc7
{(3)} 35. Rb8+ {(3)} Ke7 {(3)} 36. Rh8 {
(3)} Bd4 {(1:07)} 37. Rxh5 {(3)} g6 {(
03)} 38. Rg5 {(9)} Ra7 {(4)} 39. Rg4 {(3)} Bc5
{(3)} 40. Re4+ {(3)} Kf8 {(3)} 41. g4 {
(4)} Kg7 {(3)} 42. g5 {(3)} f6 {(6]
} 43. gxf6+ {(31)} Kxf6 {(3)} 44. Re6+ {(3)}
Kg7 {(17)} 45. Rc6 {(3)} Bd4 {(3)} 46. Be4 {
(6)} Bf6 {(4)} 47. Kh3 {(12)} Ra3+ {(
04)} 48. f3 {(5)} Ra1 {(3)} 49. c5 {(18)} Rh1+
{(3)} 50. Kg3 {(13)} Rg1+ {(13)} 51. Kh3 {
(8)} Rh1+ {(3)} 52. Kg2 {(3)} Rc1 {(
08)} 53. Rc7+ {(10)} Kh6 54. c6 Bxh4 {(9)} 55. Rf7 {
(9)} Bd8 {(6)} 56. Rf8 {(4)} Ba5 {(
05)} 57. Ra8 {(3)} Rc5 {(3)} 58. Rg8 {(3)} g5
{(4)} 59. Kh3 {(3)} Rc1 {(4)} 60. Kg4 {
(3)} Rg1+ {(3)} 61. Kf5 {(3)} Rc1 {(
03)} 62. Rg6+ {(10)} Kh7 {(3)} 63. Rxg5 {(3)}
Kh8 {(3)} 64. Ke6 {(4)} Bd8 {(7)} 65. Rg2 {
(7)} Rc5 {(3)} 66. Rc2 {(5)} Rxc2 {(
08)} 67. Bxc2 {(3)} 1-0

[Event "Your Next Move GCT 2017-Blitz"]
[Site "Leuven"]
[Date "2017.07.02"]
[Round "13"]
[White "Vachier Lagrave, Maxime"]
[Black "So, Wesley"]
[Result "1-0"]
[ECO "A01"]
[WhiteElo "2890"]
[BlackElo "2812"]
[Annotator ""]
[PlyCount "115"]
[EventDate "2017.??.??"]
[EventType "blitz"]
[EventCountry "BEL"]
[SourceTitle "playchess.com"]
[Source "ChessBase"]
[SourceQuality "1"]
[TimeControl "300+3"]

1. b3 {(0)} d5 {(4)} 2. e3 {(3)} Bf5 {(
07)} 3. Bb2 {(3)} e6 {(3)} 4. Nf3 {(4)} Nf6
{(6)} 5. Be2 {(3)} h6 {(3)} 6. O-O {(
07)} Bd6 {(7)} 7. c4 {(4)} O-O {(4)} 8. Nc3
{(3)} c6 {(3)} 9. d3 {(8)} Qe7 {(8]
} 10. a3 {(4)} Nbd7 {(4)} 11. b4 {(6)} Rad8 {
(24)} 12. Qb3 {(5)} a6 {(10)} 13. Rad1 {(
06)} Rfe8 {(14)} 14. Rfe1 {(3)} Ne5 {(12)}
15. Nd4 {(19)} Bg4 {(3)} 16. f4 {(15)} Ng6 {
(10)} 17. Bxg4 {(19)} Nxg4 {(3)} 18. h3 {
(3)} Nf6 {(3)} 19. Nf3 {(4)} Bb8 {(
15)} 20. Rf1 {(25)} e5 {(27)} 21. f5 {(3)} Nf8 {
(4)} 22. e4 {(3)} N8h7 {(17)} 23. Bc1 {(
08)} dxe4 {(17)} 24. dxe4 {(5)} Ba7+ {(3)}
25. c5 {(4)} b6 {(5)} 26. cxb6 {(3)} Bxb6+ {
(3)} 27. Kh2 {(3)} Bd4 {(3)} 28. Rde1 {
(20)} c5 {(5)} 29. Bd2 {(13)} Rb8 {(
10)} 30. Nxd4 {(14)} cxd4 {(16)} 31. Nd1 {(3)}
a5 {(12)} 32. Nf2 {(3)} axb4 {(3)} 33. axb4 {
(3)} Qb7 {(3)} 34. Qd3 {(3)} Re7 {(
23)} 35. Rc1 {(6)} Ng5 {(6)} 36. Rfe1 {(3)}
Rc7 {(4)} 37. Rxc7 {(4)} Qxc7 {(3)} 38. h4 {
(3)} Ngh7 {(3)} 39. Rc1 {(3)} Qb7 {(
05)} 40. g4 {(12)} Qb5 {(23)} 41. Qxb5 {(3)}
Rxb5 {(3)} 42. Rc8+ {(3)} Nf8 {(3)} 43. g5 {
(3)} hxg5 {(3)} 44. hxg5 {(3)} N6d7 {(
03)} 45. Nd3 {(3)} f6 {(5)} 46. g6 {(3)}
Rb7 {(10)} 47. Kg2 {(13)} Nb6 {(3)} 48. Rc6 {
(3)} Nfd7 {(4)} 49. Nc5 {(3)} Rb8 {(
06)} 50. Nxd7 {(16)} Nxd7 {(3)} 51. Rc7 {(3)}
Nb6 {(17)} 52. Kf3 {(3)} Rc8 {(5)} 53. Rxc8+ {
(4)} Nxc8 {(3)} 54. b5 {(3)} Kf8 {(
08)} 55. Bb4+ {(3)} Ke8 {(3)} 56. Bc5 {(18)}
Kd7 {(20)} 57. Bf8 {(3)} Nd6 {(3)} 58. Bxg7 {
(4)} 1-0

[Event "Your Next Move GCT 2017-Blitz"]
[Site "Leuven"]
[Date "2017.07.02"]
[Round "14"]
[White "Anand, Viswanathan"]
[Black "Vachier Lagrave, Maxime"]
[Result "0-1"]
[ECO "B30"]
[WhiteElo "2786"]
[BlackElo "2890"]
[Annotator ""]
[PlyCount "62"]
[EventDate "2017.??.??"]
[EventType "blitz"]
[EventCountry "BEL"]
[SourceTitle "playchess.com"]
[Source "ChessBase"]
[SourceQuality "1"]
[TimeControl "300+3"]

1. e4 {(0)} c5 {(3)} 2. Nf3 {(3)} Nc6 {
(3)} 3. Bb5 {(3)} e6 {(3)} 4. O-O {(
03)} Nge7 {(3)} 5. d4 {(3)} cxd4 {(3)} 6. Nxd4
{(3)} Ng6 {(7)} 7. Nc3 {(4)} Be7 {(
05)} 8. Nb3 {(4)} a6 {(9)} 9. Bd3 {(3)} b5 {
(3)} 10. f4 {(3)} Bb7 {(5)} 11. Kh1 {(
03)} Qc7 {(3)} 12. a4 {(7)} b4 {(3)} 13.
Ne2 {(3)} Rd8 {(21)} 14. a5 {(5)} d5 {(
03)} 15. e5 {(3)} f6 {(20)} 16. Ned4 {(8)}
Nxd4 {(9)} 17. Nxd4 {(3)} Bc8 {(3)} 18. Qh5 {
(32)} O-O {(31)} 19. Be3 {(5)} fxe5 {(
11)} 20. fxe5 {(3)} Bc5 {(5)} 21. Bxg6 {(32)}
hxg6 {(5)} 22. Qxg6 {(3)} Qxe5 {(49)} 23. Nf3 {
(15)} Qxe3 {(3)} 24. Ng5 {(3)} Rf2 {(
24)} 25. Qh7+ {(49)} Kf8 {(3)} 26. Qh8+ {(3)}
Ke7 {(3)} 27. Qxg7+ {(3)} Kd6 {(23)} 28. Nf7+ {
(3)} Kc7 {(3)} 29. Nxd8+ {(18)} Kxd8 {(
03)} 30. h4 {(8)} Qf4 {(22)} 31. Rxf2 {(4)}
Qxh4+ {(3)} 0-1

[Event "Your Next Move GCT 2017-Blitz"]
[Site "Leuven"]
[Date "2017.07.02"]
[Round "14"]
[White "Giri, Anish"]
[Black "Aronian, Levon"]
[Result "1/2-1/2"]
[ECO "A06"]
[WhiteElo "2771"]
[BlackElo "2793"]
[Annotator ""]
[PlyCount "122"]
[EventDate "2017.??.??"]
[EventType "blitz"]
[EventCountry "BEL"]
[SourceTitle "playchess.com"]
[Source "ChessBase"]
[SourceQuality "1"]
[TimeControl "300+3"]

1. Nf3 {(0)} d5 {(3)} 2. g3 {(3)} Nf6 {
(5)} 3. Bg2 {(3)} e6 {(3)} 4. O-O {(
03)} Be7 {(3)} 5. c4 {(3)} O-O {(3)} 6. d3 {
(3)} c5 {(7)} 7. cxd5 {(3)} exd5 {(
03)} 8. d4 {(3)} Nc6 {(6)} 9. Nc3 {(3)} h6 {
(12)} 10. dxc5 {(5)} Bxc5 {(3)} 11. Na4 {
(12)} Be7 {(9)} 12. Be3 {(8)} Re8 {(
47)} 13. Rc1 {(4)} Bf8 {(3)} 14. Bc5 {(5)}
Bxc5 {(3)} 15. Nxc5 {(3)} Qb6 {(3)} 16. Na4 {
(44)} Qa6 {(3)} 17. Nc3 {(3)} Bg4 {(
23)} 18. Nd4 {(18)} Rad8 {(17)} 19. Re1 {(10)}
Ne4 {(47)} 20. Nxc6 {(9)} bxc6 {(3)} 21. Qa4 {
(4)} Qb6 {(23)} 22. Nxe4 {(3)} dxe4 {(
03)} 23. Qxc6 {(1:13)} Qxb2 {(3)} 24. Qc2 {(12]
} Qxc2 {(12)} 25. Rxc2 {(3)} e3 {(3)} 26. fxe3
{(7)} Rxe3 {(3)} 27. Kf2 {(4)} Ra3 {(
11)} 28. Rec1 {(19)} Be6 {(7)} 29. Rb2 {(3)}
g5 {(26)} 30. Rc7 {(19)} Bxa2 {(11)} 31. Be4 {
(4)} Be6 {(11)} 32. Bd3 {(3)} Rd6 {(
23)} 33. Rb8+ {(8)} Kg7 {(3)} 34. Ra8 {(3)} a5
{(14)} 35. Rca7 {(5)} Rd5 {(3)} 36. Ra6 {
(17)} Re5 {(6)} 37. R8a7 {(5)} h5 {(
03)} 38. Rc6 {(7)} Ra4 {(14)} 39. Rb6 {(11)} h4
{(7)} 40. Rb8 {(3)} h3 {(6)} 41. Raa8 {
(3)} Ra1 {(3)} 42. Rb1 {(27)} Rxb1 {(
03)} 43. Bxb1 {(3)} Bb3 {(8)} 44. g4 {(3)} a4
{(3)} 45. Bf5 {(3)} Rc5 {(4)} 46. Bd7 {
(3)} Rc4 {(4)} 47. Kg3 {(3)} Rd4 {(
05)} 48. Bc6 {(3)} Kf6 {(5)} 49. Kxh3 {(3)}
Ke5 {(3)} 50. Kg3 {(3)} Kd6 {(3)} 51. Be8 {
(3)} Kc5 {(3)} 52. h4 {(4)} gxh4+ {(
03)} 53. Kxh4 {(3)} Kb4 {(3)} 54. Rb8+ {(4)}
Kc3 {(3)} 55. Rc8+ {(3)} Kb2 {(3)} 56. Rb8 {
(9)} Kc3 {(3)} 57. Rc8+ {(3)} Kd2 {(
03)} 58. Ra8 {(3)} Kxe2 {(5)} 59. Kg5 {(6)}
Kd2 {(3)} 60. Ra7 {(7)} Be6 {(6)} 61. Rxa4 {
(3)} Rxa4 {(3)} 1/2-1/2

[Event "Your Next Move GCT 2017-Blitz"]
[Site "Leuven"]
[Date "2017.07.02"]
[Round "14"]
[White "Jobava, Baadur"]
[Black "Kramnik, Vladimir"]
[Result "1-0"]
[ECO "C54"]
[WhiteElo "2707"]
[BlackElo "2808"]
[Annotator ""]
[PlyCount "115"]
[EventDate "2017.??.??"]
[EventType "blitz"]
[EventCountry "BEL"]
[SourceTitle "playchess.com"]
[Source "ChessBase"]
[SourceQuality "1"]
[TimeControl "300+3"]

1. e4 {(0)} e5 {(3)} 2. Nf3 {(3)} Nc6 {
(3)} 3. Bc4 {(3)} Bc5 {(3)} 4. c3 {(
03)} Nf6 {(3)} 5. d4 {(3)} exd4 {(3)} 6. e5 {
(3)} d5 {(4)} 7. Bb5 {(3)} Ne4 {(3]
} 8. cxd4 {(3)} Bb6 {(3)} 9. h3 {(3)} O-O {
(4)} 10. O-O {(3)} f6 {(6)} 11. Bxc6 {(
03)} bxc6 {(3)} 12. Be3 {(3)} f5 {(6)} 13.
Qc1 {(6)} f4 {(9)} 14. Bxf4 {(19)} c5 {(
03)} 15. dxc5 {(21)} Nxc5 {(3)} 16. Be3 {(54]
} Nd3 {(22)} 17. Qd1 {(32)} Ba6 {(27)} 18. Nc3 {
(50)} d4 {(33)} 19. Bg5 {(3)} Qe8 {(
03)} 20. Nd5 {(3)} Kh8 {(18)} 21. Nxb6 {(29)}
axb6 {(3)} 22. Nxd4 {(3)} Qxe5 {(12)} 23. Qg4 {
(3)} Rae8 {(30)} 24. Be3 {(15)} Nxb2 {(
31)} 25. Nf3 {(12)} Qe4 {(40)} 26. Rfc1 {(7)}
Qxg4 {(10)} 27. hxg4 {(3)} Nc4 {(5)} 28. Rc3 {
(9)} c5 {(6)} 29. Rb1 {(4)} Re6 {(
21)} 30. g5 {(9)} Kg8 {(3)} 31. Nd2 {(32)} Rxe3
{(23)} 32. Rxe3 {(9)} Nxe3 {(15)} 33. fxe3 {
(4)} b5 {(3)} 34. Ne4 {(9)} Rc8 {(
03)} 35. a3 {(7)} c4 {(5)} 36. Nc3 {(3)} Rc5 {
(3)} 37. g6 {(3)} hxg6 {(3)} 38. Kf2 {(
03)} Kf7 {(3)} 39. e4 {(3)} Ke6 {(7)} 40.
Ke3 {(3)} Rg5 {(3)} 41. Kf3 {(7)} Kd7 {
(21)} 42. g4 {(6)} Rc5 {(3)} 43. Ke3 {(
04)} Kc6 {(4)} 44. Kd4 {(4)} Rg5 {(3)} 45.
Rg1 {(3)} Bc8 {(3)} 46. Rb1 {(4)} Bd7 {
(5)} 47. Nd5 {(4)} Kd6 {(3)} 48. a4 {(
03)} Bc6 {(6)} 49. axb5 Bxd5 {(3)} 50. exd5 {(
07)} Rxg4+ {(3)} 51. Kc3 {(3)} Kc5 {(4)}
52. b6 {(3)} Rg3+ {(3)} 53. Kd2 {(3)} c3+ 54.
Kc2 {(3)} Rg2+ {(6)} 55. Kxc3 Rg3+ 56. Kd2 {(
06)} Rg2+ {(6)} 57. Ke3 {(3)} Rg3+ {(3)} 58.
Kf2 {(3)} 1-0

[Event "Your Next Move GCT 2017-Blitz"]
[Site "Leuven"]
[Date "2017.07.02"]
[Round "14"]
[White "So, Wesley"]
[Black "Ivanchuk, Vassily"]
[Result "1/2-1/2"]
[ECO "C55"]
[WhiteElo "2812"]
[BlackElo "2738"]
[Annotator ""]
[PlyCount "108"]
[EventDate "2017.??.??"]
[EventType "blitz"]
[EventCountry "BEL"]
[SourceTitle "playchess.com"]
[Source "ChessBase"]
[SourceQuality "1"]
[TimeControl "300+3"]

1. e4 {(0)} e5 {(1:13)} 2. Nf3 {(3)} Nc6 {
(3)} 3. Bc4 {(3)} Nf6 {(3)} 4. d3 {(
03)} Be7 {(3)} 5. O-O {(3)} O-O {(3)} 6. Re1 {
(3)} d6 {(3)} 7. a4 {(3)} h6 {(8)}
8. c3 {(12)} a6 {(11)} 9. Nbd2 {(3)} Be6 {
(4)} 10. Qc2 {(12)} Qd7 {(5)} 11. b4 {(
06)} Nh7 {(13)} 12. Bxe6 {(25)} fxe6 {(3)}
13. Bb2 {(21)} b6 {(5)} 14. b5 {(5)} axb5 {
(13)} 15. axb5 {(3)} Na5 {(3)} 16. c4 {(
22)} Ng5 {(5)} 17. d4 {(9)} exd4 {(8)} 18.
Nxd4 {(7)} Bf6 {(3)} 19. Ne2 {(24)} Bxb2 20.
Qxb2 Nb7 {(10)} 21. f4 {(16)} Nh7 {(4)} 22. Nb3
{(10)} Nf6 {(6)} 23. e5 {(6)} dxe5 {(
03)} 24. Rxa8 {(4)} Rxa8 {(3)} 25. Qxe5 {(3)}
Nd6 {(9)} 26. Ned4 {(24)} Nxc4 {(4)} 27. Qxe6+
{(6)} Qxe6 {(3)} 28. Nxe6 {(3)} Nd5 {(
23)} 29. Rc1 {(18)} Nde3 {(11)} 30. Kf2 {(4)}
Ra2+ {(22)} 31. Kf3 {(3)} Ra3 {(3)} 32. Nbd4 {
(14)} Nd5+ {(41)} 33. Ke4 {(12)} Nf6+ {(
11)} 34. Kf5 {(3)} Ne3+ {(3)} 35. Kg6 {(9)}
Nxg2 {(7)} 36. Nxg7 {(15)} Nd5 {(3)} 37. Nge6 {
(15)} Ngxf4+ {(5)} 38. Nxf4 {(3)} Nxf4+ {
(3)} 39. Kf5 {(7)} Rd3 {(6)} 40. Rc4 {(
12)} Ng2 {(6)} 41. Kg6 {(12)} Nh4+ {(12)} 42.
Kf6 {(3)} Nf3 {(8)} 43. Nf5 {(4)} Rd7 {
(3)} 44. Nxh6+ {(5)} Kf8 {(3)} 45. Ng4 {
(18)} Rd6+ {(6)} 46. Kf5 {(3)} Nd4+ {(
03)} 47. Ke5 {(5)} Nxb5 {(5)} 48. Rxc7 {(3]
} Nxc7 {(4)} 49. Kxd6 {(3)} Ne8+ {(3)} 50. Kc6
{(3)} Ng7 {(4)} 51. Kxb6 {(3)} Kf7 {(
03)} 52. Nf6 {(3)} Kxf6 {(3)} 53. h4 {(3)}
Kg6 {(3)} 54. h5+ {(3)} Nxh5 {(3)} 1/2-1/2